 Dungeon Crawl Stone Soup version 0.23.1-38-g628c18f423 (webtiles) character file.

Game seed: 11475561747547360906

1894498 mive the Hoplite (level 27, 300/300 HPs)
             Began as a Demonspawn Ice Elementalist on Mar 27, 2019.
             Was an Initiate of Gozag.
             Escaped with the Orb
             ... and 5 runes on Mar 29, 2019!
             The game lasted 20:29:49 (190468 turns).

mive the Hoplite (Demonspawn Ice Elementalist)    Turns: 190468, Time: 20:29:49

Health: 300/300    AC: 24    Str: 15    XL:     27
Magic:  32/39      EV: 20    Int: 24    God:    Gozag
Gold:   1605       SH: 28    Dex: 22    Spells: 2/50 levels left

rFire    + + .     SeeInvis .   a - +9 demon trident (flame)
rCold    + . .     Gourm    .   P - +0 large shield
rNeg     + . .     Faith    .   f - +6 scale mail {MR+}
rPois    +         Spirit   .   (helmet unavailable)
rElec    .         Reflect  +   J - +2 cloak {+Inv}
rCorr    .         Harm     .   o - +2 pair of gloves {archery}
MR       ++++.                  A - +2 pair of boots of the Assassin {Detection Stab+ Stlth++}
Stlth    ++........             p - amulet "Pisuduc" {Reflect +Inv rN+ SH+5}
HPRegen  0.60/turn              Q - ring "Luh Lopu" {rPois rC+ MR+ Str+3}
MPRegen  0.26/turn              j - ring "Oploat" {rF++ AC+2}

@: gold aura
A: horns 3, thin skeletal structure 3, blink, deformed body, foul stench 2,
powered by death 3, robust 3, rot immunity, MP-powered wands
0: Orb of Zot
}: 5/15 runes: decaying, silver, abyssal, demonic, gossamer
a: Blink, Potion Petition, Call Merchant, Bribe Branch, Renounce Religion, Evoke
Invisibility


You escaped.
You worshipped Gozag.
Gozag was most pleased with you.
You were not hungry.

You visited 11 branches of the dungeon, and saw 51 of its levels.
You visited Pandemonium 2 times, and saw 8 of its levels.
You visited the Abyss 24 times.
You also visited: Trove, Bailey, Gauntlet and Ice Cave.

You collected 42470 gold pieces.
You spent 9957 gold pieces at shops.
You paid 30908 gold pieces to Gozag.

Inventory:

Hand Weapons
 a - a +9 demon trident of flaming (weapon)
 b - the +11 hand crossbow of the Solstice {elec, rPois rC+}
   (You found it on level 1 of the Abyss)

   It charges the ammunition it shoots with electricity; occasionally upon a
   hit, such missiles may discharge and cause terrible harm.
   It protects you from cold.
   It protects you from poison.
 w - the +8 flail of the Ten Princes {flame, rC++ rN+ Int+3}
   (You took it off a deep elf demonologist on level 3 of the Elven Halls)

   It has been specially enchanted to burn those struck by it, causing extra
   injury to most foes and up to half again as much damage against particularly
   susceptible opponents.
   It affects your intelligence (+3).
   It greatly protects you from cold.
   It protects you from negative energy.
 z - a +2 demon whip of electrocution
Missiles
 H - 5 throwing nets (quivered)
 I - 1502 bolts
Armour
 f - a +6 scale mail of magic resistance (worn)
 o - a +2 pair of gloves of archery (worn)
 A - the +2 pair of boots of the Assassin (worn) {Detection Stab+ Stlth++}
   (You found it in a treasure trove)

   It makes you much more stealthy.
 J - a +2 cloak of invisibility (worn)
 P - a +0 large shield (worn)
Magical Staves
 e - an uncursed staff of energy
Jewellery
 j - the ring "Oploat" (right hand) {rF++ AC+2}
   (You took it off a frost giant on level 5 of the Vaults)

   [ring of protection]

   It affects your AC (+2).
   It greatly protects you from fire.
 p - the amulet "Pisuduc" (around neck) {Reflect +Inv rN+ SH+5}
   (You took it off a frost giant on level 5 of the Vaults)

   [amulet of reflection]

   It shields you and reflects attacks.
   It protects you from negative energy.
   It lets you turn invisible.
   It affects your SH (+5).
 q - the ring "Pagoaf" {rF+ AC+4 Int+3}
   (You took it off a deep elf master archer on level 3 of the Elven Halls)

   [ring of protection]

   It affects your AC (+4).
   It affects your intelligence (+3).
   It protects you from fire.
 C - an uncursed ring of resist corrosion
 F - the amulet of the Air {Inacc +Fly rElec EV+5 RMsl}
   (You found it on level 3 of the Elven Halls)

   [amulet of inaccuracy]

   It reduces the accuracy of all your attacks.
   It affects your evasion (+5).
   It insulates you from electricity.
   It lets you fly.
   It protects you from missiles.
 Q - the ring "Luh Lopu" (left hand) {rPois rC+ MR+ Str+3}
   (You took it off a deep elf sorcerer on level 3 of the Elven Halls)

   [ring of protection from cold]

   It affects your strength (+3).
   It protects you from cold.
   It protects you from poison.
   It affects your resistance to hostile enchantments.
 X - the ring "Xuih" {rElec rC+ rN+ SInv Stlth-}
   (You found it on level 6 of the Lair of Beasts)

   [ring of protection from cold]

   It protects you from cold.
   It insulates you from electricity.
   It protects you from negative energy.
   It lets you see invisible.
   It makes you less stealthy.
Wands
 M - a wand of paralysis (53)
 T - a wand of acid (2)
 V - a wand of scattershot (11)
Scrolls
 g - 33 scrolls of remove curse
 h - 5 scrolls of fear
 s - 3 scrolls of blinking
 y - 4 scrolls of magic mapping
 B - 6 scrolls of teleportation
 D - 16 scrolls of enchant armour
 E - 11 scrolls of immolation
 N - 14 scrolls of identify
 Z - a scroll of silence
Potions
 c - 3 potions of haste
 i - 4 potions of magic
 k - 3 potions of might
 l - 7 potions of berserk rage
 m - 5 potions of lignification
 u - 5 potions of resistance
 K - 5 potions of agility
 O - 15 potions of curing
 R - 6 potions of ambrosia
 S - 2 potions of brilliance
 W - 7 potions of mutation
Miscellaneous
 t - a phantom mirror
 v - a lamp of fire
 x - 3 sacks of spiders
 G - a phial of floods
 U - 2 boxes of beasts
 Y - a fan of gales (inert)
Comestibles
 n - 5 rations


   Skills:
 + Level 22.3 Fighting
 - Level 5.0 Maces & Flails
 - Level 14.0 Polearms
 - Level 12.0 Armour
 - Level 14.0 Dodging
 - Level 5.1 Stealth
 * Level 22.9 Shields
 - Level 12.0 Spellcasting
 - Level 20.0 Conjurations
   Level 3.0 Hexes
 - Level 3.0 Charms
 - Level 18.0 Summonings
 - Level 5.0 Necromancy
 - Level 5.2 Translocations
 - Level 5.0 Transmutations
   Level 6.4 Fire Magic
 - Level 12.3 Ice Magic
 - Level 12.3 Air Magic
 - Level 5.2 Earth Magic
   Level 2.0 Poison Magic
 - Level 4.0 Evocations


You had 2 spell levels left.
You knew the following spells:

 Your Spells              Type           Power        Failure   Level  Hunger
a - Apportation           Tloc           #####.       1%          1    None
b - Orb of Destruction    Conj           #######...   3%          7    ######.
c - Throw Icicle          Conj/Ice       #######.     1%          4    None
d - Blink                 Tloc           N/A          2%          2    None
e - Passwall              Tmut/Erth      #####...     3%          2    None
f - Irradiate             Conj/Tmut      ######....   2%          5    ###....
g - Summon Lightning Spi  Summ/Air       ######..     1%          4    None
i - Freezing Cloud        Conj/Ice/Air   ######....   5%          6    #####..
j - Lightning Bolt        Conj/Air       #######...   1%          5    ###....
k - Swiftness             Chrm/Air       ######..     1%          2    None
l - Spellforged Servitor  Conj/Summ      #######...   5%          7    ######.
H - Regeneration          Chrm/Necr      ####......   9%          3    None

Your spell library contained the following spells:

 Spells                   Type           Power        Failure   Level  Hunger
 Magic Dart               Conj           ####         0%          1    None
 Summon Small Mammal      Summ           ####         0%          1    None
 Call Imp                 Summ           #######.     0%          2    None
 Searing Ray              Conj           ######       0%          2    None
 Animate Skeleton         Necr           N/A          1%          1    None
 Beastly Appendage        Tmut           #####.       1%          1    None
 Flame Tongue             Conj/Fire      #####        1%          1    None
 Freeze                   Ice            ####         1%          1    None
 Pain                     Necr           ####         1%          1    None
 Sandblast                Erth           #####.       1%          1    None
 Shock                    Conj/Air       ####         1%          1    None
 Sting                    Conj/Pois      ####         1%          1    None
 Ensorcelled Hibernation  Hex/Ice        ######       1%          2    None
 Poisonous Vapours        Pois/Air       #####.       1%          2    None
 Throw Flame              Conj/Fire      ######       1%          2    None
 Throw Frost              Conj/Ice       ######       1%          2    None
 Sticks to Snakes         Tmut           #####...     3%          2    None
 Sublimation of Blood     Necr           #####.....   3%          2    None
 Confusing Touch          Hex            ####..       4%          1    None
 Corona                   Hex            ####...      4%          1    None
 Infusion                 Chrm           ####         4%          1    None
 Shroud of Golubria       Chrm/Tloc      ####......   4%          2    None
 Slow                     Hex            ####....     7%          2    None
 Song of Slaying          Chrm           ####....     7%          2    None
 Call Canine Familiar     Summ           #######.     1%          3    None
 Conjure Flame            Conj/Fire      ######..     1%          3    None
 Dazzling Spray           Conj/Hex       ######       1%          3    None
 Mephitic Cloud           Conj/Pois/Air  ######..     1%          3    None
 Ozocubu's Armour         Chrm/Ice       ######..     1%          3    None
 Recall                   Summ/Tloc      N/A          1%          3    None
 Static Discharge         Conj/Air       #######.     1%          3    None
 Stone Arrow              Conj/Erth      ######       1%          3    None
 Summon Guardian Golem    Hex/Summ       ######..     1%          3    None
 Airstrike                Air            ######....   1%          4    None
 Force Lance              Conj/Tloc      ######..     1%          4    None
 Fulminant Prism          Conj/Hex       ######....   1%          4    None
 Iskenderun's Mystic Bla  Conj           #######.     1%          4    None
 Sticky Flame             Conj/Fire      ######..     1%          4    None
 Summon Ice Beast         Ice/Summ       ######..     1%          4    None
 Fireball                 Conj/Fire      ######....   1%          5    ###....
 Iskenderun's Battlesphe  Conj/Chrm      ######..     3%          5    ###....
 Conjure Ball Lightning   Conj/Air       #######...   3%          6    #####..
 Ice Form                 Ice/Tmut       ######..     4%          4    None
 Venom Bolt               Conj/Pois      ######....   4%          5    ###....
 Vampiric Draining        Necr           #####.....   6%          3    None
 Bolt of Magma            Conj/Fire/Erth ######....   6%          5    ###....
 Inner Flame              Hex/Fire       #####...     7%          3    None
 Ignite Poison            Fire/Tmut/Pois #####...     8%          3    None
 Portal Projectile        Hex/Tloc       ####..       9%          3    None
 Spider Form              Tmut/Pois      ####......   11%         3    None
 Bolt of Fire             Conj/Fire      ######....   11%         6    #####..
 Confuse                  Hex            ####....     14%         3    None
 Spectral Weapon          Hex/Chrm       ####....     14%         3    None
 Tukima's Dance           Hex            ####....     14%         3    None
 Iron Shot                Conj/Erth      ######....   14%         6    #####..
 Petrify                  Tmut/Erth      #####...     19%         4    None
 Silence                  Hex/Air        ######....   19%         5    ###....
 Animate Dead             Necr           N/A          21%         4    None
 Leda's Liquefaction      Hex/Erth       ####......   28%         4    None
 Cause Fear               Hex            ####......   41%         4    None
 Lee's Rapid Deconstruct  Erth           #####.....   45%         5    ###....
 Borgnjor's Vile Clutch   Necr/Erth      #####.....   47%         5    ###....
 Blade Hands              Tmut           #####.....   50%         5    ###....
 Olgreb's Toxic Radiance  Pois           ###.....     56%         4    None
 Simulacrum               Ice/Necr       ######....   56%         6    #####..
 Alistair's Intoxication  Tmut/Pois      ####....     71%         5    ###....
 Deflect Missiles         Chrm/Air       ######....   71%         6    #####..
 Haunt                    Necr/Summ      ######....   75%         7    ######.
 Statue Form              Tmut/Erth      #####....    96%         6    #####..
 Death Channel            Necr           #####.....   97%         6    #####..
 Darkness                 Hex            ####......   100%        6    #####..
 Invisibility             Hex            ####....     100%        6    #####..
 Dragon Form              Tmut           #####.....   100%        7    ######.
 Ring of Flames           Chrm/Fire      #####.....   100%        7    ######.
 Borgnjor's Revivificati  Necr           #####.....   100%        8    #######
 Death's Door             Chrm/Necr      ####......   100%        8    #######
 Ignition                 Fire           #####.....   100%        8    #######
 Infestation              Necr           #####.....   100%        8    #######
 Necromutation            Tmut/Necr      #####.....   100%        8    #######
 Dragon's Call            Summ           #######...   100%        9    #######
 Shatter                  Erth           #####.....   100%        9    #######
 Tornado                  Air            ######....   100%        9    #######
 Passage of Golubria      Tloc           Unusable     N/A         4    N/A

Dungeon Overview and Level Annotations

Branches:
Dungeon (15/15)            Temple (1/1) D:5            Lair (6/6) D:9
  Swamp (4/4) Lair:3       Spider (4/4) Lair:4        Slime (0/5) Lair:6
    Orc (2/2) D:10            Elf (3/3) Orc:2        Vaults (5/5) D:13
  Crypt (0/3) Vaults:2     Depths (5/5) D:15           Hell (1/1)
    Dis (0/7) Hell            Geh (0/7) Hell            Coc (0/7) Hell
    Tar (0/7) Hell            Zot (5/5) Depths:5

Altars:
Ashenzari
Cheibriados
Dithmenos
Elyvilon
Fedhas
Gozag
Hepliaklqana
Kikubaaqudgha
Makhleb
Nemelex Xobeh
Okawaru
Qazlal
Ru
Sif Muna
Trog
Uskayaw
Vehumet
Wu Jian
Xom
Yredelemnul
Zin
The Shining One
Beogh
Jiyva

Shops:
D:12 :   Orc:2 (:?   Depths:2 [[   Depths:5 }}=

Portals:
Hell: Depths:1 Depths:2 Depths:3 Depths:4 Depths:5
Abyss: Depths:2 Depths:4
Pandemonium: Orc:2 Depths:1 Depths:2 Depths:3
Ziggurat: Depths:4

Annotations:
Swamp:4 3 exclusions
Orc:2 3 exclusions
Elf:2 5 runed translucent doors, 3 exclusions
Elf:3 2 transporters, Vatovie's ghost, journeyman MiBe
Depths:1 1 runed translucent door
Depths:5 exclusion: door


Innate Abilities, Weirdness & Mutations

You have a pair of large horns on your head.
You have an unnaturally thin skeletal structure. (Dex +6, Stealth++)
You frequently emit foul miasma when damaged in melee.
You regenerate a lot of health from kills.
You are extremely robust. (+30% HP)
You are immune to rotting.
You can translocate small distances at will.
Armour fits poorly on your strangely shaped body.
You expend magic power (3 MP) to strengthen your wands.


Message History

A chaos spawn comes into view.
Your magical contamination has completely faded away.
There is an open door here.
Casting: Regeneration (safe; 9% risk of failure)
Confirm with . or Enter, or press ? or * to list all spells.
Aiming: Orb of Destruction (slightly dangerous; 3% risk of failure)
Press: ? - help, Shift-Dir - straight line, f - chaos spawn
Aim: a chaos spawn The wavering orb of destruction hits the chaos spawn!!
You blow up the chaos spawn!
The chaos spawn degenerates into a cloud of primal chaos!
Casting: Orb of Destruction (slightly dangerous; 3% risk of failure)
Confirm with . or Enter, or press ? or * to list all spells.
Aiming: Passwall (safe; 3% risk of failure)
Press: ? - help, Dir - move target cursor A rock wall.
This square is covered in magical glow.
You begin to meditate on the wall.
You continue meditating on the rock. x4
You finish merging with the rock.
You have escaped!

#.##.#.# #...# #......#
#.##.#.# #...# ##.4...#
#.##.#.# #...# #..#.##
#.##.#.#
####.[.############.#.#
#....#.#
#......'..$$..$.......#
######.#
#.##...#############..#
#......# #.###### #..#
#.###### #.# ##### #..#
#.########.# #.@.# #..#
#.#........# ##...##
##># #.#........#
#P...P# ###
..#........# ##...##
###.......## #P...P# #
#.......# ##...##
###.......# #P...P#
#### ..........#
##...## #...
##.#.###### #P...P#
#.##


There were no monsters in sight!

Vanquished Creatures
  2 ancient liches
  3 pandemonium lords
  Mennas (Depths:3)
  A juggernaut (Abyss:3)
  Boris (Depths:4)
  3 Killer Klowns (Zot:5)
  4 caustic shrikes
  Bai Suzhen (Spider:3)
  19 golden dragons
  4 curse toes
  Nikola (Vaults:1)
  Geryon (Hell)
  10 bone dragons
  A profane servitor (Abyss:3)
  A Tzitzimitl (Pan)
  A Brimstone Fiend (D:8)
  5 electric golems
  Jorgrun (D:14)
  23 Orb Guardians (Zot:5)
  20 tentacled monstrosities
  9 liches
  A Hell Sentinel (Pan)
  2 deep elf blademasters (Elf:3)
  19 titans
  2 deep elf master archers (Elf:3)
  The ghost of SharpKris the Peltast, an adept FoFi of Gozag (Swamp:3)
  2 quicksilver dragons
  Murray (Depths:5)
  An acid blob (shapeshifter) (Depths:4)
  A kraken (Abyss:1)
  8 death cobs
  28 tentacled starspawn
  9 sphinxes
  7 Executioners
  A thorn hunter (Swamp:3)
  The ghost of P0WERM0DE the Wallflower, an adept DDFi of Uskayaw (Swamp:4)
  Agnes (D:13)
  15 shadow dragons
  7 tengu reavers
  34 storm dragons
  A revenant (Abyss:1)
  5 draconian monks
  2 blood saints (Pan)
  8 frost giants
  8 fire giants
  3 iron dragons
  5 deep elf sorcerers
  7 draconian scorchers
  7 warmongers (Pan)
  11 draconian knights
  7 ghost moths
  9 vault wardens
  5 draconian stormcallers
  Aizul (Elf:2)
  8 balrugs
  6 emperor scorpions
  12 draconian shifters
  5 deep elf elementalists
  21 very ugly things
  15 stone giants
  A ghoul (Vaults:5)
  A cacodemon (Pan)
  7 reapers
  7 draconian annihilators
  14 ironheart preservers
  2 ophanim (Abyss:3)
  3 war gargoyles (Vaults:5)
  7 deep elf demonologists
  3 entropy weavers
  16 green draconians
  A stone giant (shapeshifter) (Depths:2)
  4 vampire knights
  12 purple draconians
  17 black draconians
  3 deep elf annihilators
  16 yellow draconians
  2 black suns (Pan)
  2 spark wasps
  6 lorocyprocas (Pan)
  An ettin (shapeshifter) (Vaults:3)
  15 white draconians
  12 red draconians
  5 green deaths
  4 dire elephants (Lair:6)
  A merfolk javelineer (Depths:4)
  16 ettins
  7 deep elf death magi
  8 fire dragons
  3 blizzard demons
  A merfolk impaler (Depths:4)
  2 deep elf high priests
  12 ice dragons
  6 rakshasas
  11 yaktaur captains
  3 monstrous demonspawn (Pan)
  7 great orbs of eyes
  A quicksilver dragon skeleton (Hell)
  A catoblepas (shapeshifter) (Vaults:5)
  A hell beast (Depths:3)
  15 hydras
  28 vault guards
  7 centaur warriors
  2 ghost crabs
  3 spriggan air magi (Depths:3)
  33 two-headed ogres
  A naga warrior (Abyss:1)
  The ghost of Cerr the Covert, a journeyman FeWr of Jiyva (Lair:5)
  An anaconda (Lair:6)
  A catoblepas (Lair:6)
  8 deep troll shamans
  3 death knights
  5 alligators
  3 vampire magi
  Urug (D:10)
  9 hell hogs
  10 ogre magi
  7 deep troll earth magi
  8 tengu warriors
  2 titan zombies
  3 death yaks
  12 thrashing horrors
  8 orc high priests
  5 spriggan berserkers
  15 sun demons
  A titan skeleton (Abyss:1)
  10 soul eaters
  15 wretched stars
  An iron golem (Depths:5)
  10 deep elf knights
  5 shadow wraiths
  9 sixfirhies
  15 hell knights
  5 iron trolls
  24 deep trolls
  2 cherubim (Abyss:3)
  4 shadow demons (Pan)
  14 skeletal warriors
  7 wizards
  5 gelid demonspawn
  A death drake (shapeshifter) (Depths:3)
  4 unseen horrors
  17 deep elf archers
  8 glowing orange brains
  A glowing orange brain (shapeshifter) (Depths:2)
  A ghost moth zombie (Abyss:1)
  5 flayed ghosts
  4 swamp dragons
  A spectral hydra (Swamp:4)
  2 spriggan druids (Swamp:4)
  2 infernal demonspawn (Pan)
  A golden dragon zombie (Abyss:1)
  15 ironbrand convokers
  4 phantasmal warriors
  4 harpies (Depths:1)
  An anaconda skeleton (Hell)
  A golden dragon skeleton (Depths:3)
  A shadow dragon skeleton (Abyss:3)
  11 necromancers
  2 tengu skeletons
  25 orc knights
  31 wolf spiders
  11 orb spiders
  2 fire giant zombies
  3 cyclopes
  An oklob plant (Lair:6)
  35 ugly things
  A sphinx zombie (Vaults:4)
  A wolf spider zombie (D:15)
  A mana viper (shapeshifter) (Vaults:4)
  4 orc sorcerers
  A faun (shapeshifter) (Vaults:5)
  57 deep elf magi
  A moth of wrath (shapeshifter) (Depths:2)
  An elephant (Lair:6)
  2 stone giant zombies
  A fire giant skeleton (Vaults:2)
  5 worldbinders
  8 manticores
  36 moths of wrath
  2 iron dragon skeletons
  2 salamanders (Depths:3)
  8 rust devils
  A molten gargoyle (Depths:3)
  An eye of devastation (shapeshifter) (Abyss:3)
  13 vault sentinels
  3 black mambas
  A stone giant skeleton (Abyss:3)
  2 guardian serpents (Abyss:1)
  5 human skeletons
  3 ice statues
  3 elf skeletons
  2 apocalypse crabs
  3 centaur zombies
  12 orange demons
  32 smoke demons
  23 yaktaurs
  14 spiny frogs
  6 rime drakes
  2 komodo dragons
  8 tormentors
  3 hellions
  6 centaur skeletons
  12 freezing wraiths
  2 anaconda simulacra (Abyss:1)
  4 efreet
  A guardian mummy (D:15)
  15 hellwings
  2 trolls (shapeshifter)
  A yaktaur (shapeshifter) (Depths:3)
  A redback zombie (Spider:1)
  2 ice devils
  11 ancient zymes
  A tengu conjurer (D:13)
  3 hydra zombies
  31 jumping spiders
  6 meliai
  A harpy zombie (Abyss:1)
  2 queen bees
  2 yaktaur skeletons (Vaults:2)
  11 red devils
  A silent spectre (Abyss:3)
  19 demonic crawlers
  2 jumping spiders (shapeshifter)
  A merfolk (shapeshifter) (Depths:1)
  2 meliai (shapeshifter)
  7 trolls
  5 tyrant leeches
  17 hornets
  A hornet (shapeshifter) (Vaults:1)
  18 polar bears
  13 blink frogs
  6 bog bodies
  A hydra skeleton (Hell)
  27 slime creatures
  6 hippogriffs
  A harpy skeleton (Abyss:3)
  20 raiju
  A tarantella zombie (Spider:1)
  2 human simulacra
  46 large abominations
  5 air elementals
  5 flying skulls (Abyss:3)
  88 redbacks
  2 vampires
  24 tarantellas
  A black mamba zombie (Abyss:3)
  A redback (shapeshifter) (Vaults:1)
  4 spriggans
  5 wraiths
  A hog (Lair:4)
  3 wyverns
  24 ynoxinuls
  10 fire elementals
  50 starcursed masses
  2 alligator skeletons
  12 water elementals
  A hog (shapeshifter) (Elf:1)
  2 yaks (shapeshifter)
  40 yaks
  2 basilisks
  A human (D:13)
  6 fire bats
  A golden eye (shapeshifter) (Depths:3)
  4 neqoxecs
  A steam dragon (D:14)
  4 golden eyes
  13 chaos spawn
  A hungry ghost (D:14)
  2 wargs
  17 vampire mosquitoes
  A wyvern (shapeshifter) (Vaults:5)
  A yaktaur simulacrum (Vaults:1)
  A swamp worm (shapeshifter) (Depths:2)
  10 swamp worms
  7 insubstantial wisps (Abyss:1)
  3 spiny frog zombies
  A minotaur simulacrum (Abyss:1)
  A naga (Abyss:1)
  A hydra simulacrum (Swamp:3)
  An orb spider zombie (Spider:1)
  A soldier ant (shapeshifter) (Abyss:1)
  3 soldier ants (Spider:1)
  A deep troll skeleton (Vaults:2)
  An acid dragon (Vaults:1)
  A floating eye (Depths:2)
  11 hell hounds
  9 water moccasins
  10 porcupines
  52 orc warriors
  47 small abominations
  6 swamp drakes
  A hornet zombie (Spider:1)
  7 ice beasts
  A sky beast (shapeshifter) (Vaults:1)
  A spiny frog skeleton (Hell)
  2 black bears
  5 sky beasts
  34 ogres
  10 centaurs
  A necrophage (D:10)
  5 boggarts
  2 phantoms
  17 wolves
  16 crocodiles
  A big kobold (D:8)
  A tyrant leech simulacrum (Swamp:4)
  18 bullfrogs
  4 earth elementals
  10 scorpions
  14 killer bees
  2 troll zombies (D:10)
  2 wights (Abyss:1)
  2 vampire bats (Lair:4)
  An electric eel (D:15)
  2 howler monkeys
  3 bullfrog zombies
  4 crimson imps
  7 quasits
  2 jellies
  29 orc priests
  4 hounds
  25 orc wizards
  A bullfrog skeleton (D:8)
  7 iron imps
  8 iguanas
  4 hell rats
  A spectral swamp drake (Swamp:4)
  15 worker ants
  4 ogre zombies (D:10)
  4 hound skeletons
  2 worker ant zombies
  A howler monkey skeleton (D:5)
  11 gnolls
  9 adders
  13 river rats
  5 shadow imps
  5 white imps
  4 ufetubi
  2 oozes
  3 adder skeletons
  2 worms (D:4)
  4 dart slugs
  3 leopard geckos
  127 orcs
  9 bats
  8 giant cockroaches
  6 goblins
  5 hobgoblins
  19 jackals
  3 quokkas
  6 frilled lizards
  A goblin skeleton (D:10)
  5 goblin zombies (D:10)
  A hobgoblin skeleton (D:10)
  A hobgoblin zombie (D:10)
  10 kobolds
  A leopard gecko skeleton (D:7)
  4 orc skeletons (D:10)
  12 orc zombies (D:10)
  A quokka skeleton (D:7)
  20 rats
  8 crawling corpses (Spider:1)
  A fungus (Lair:6)
  A lurking horror (Abyss:1)
  7 plants (Lair:6)
  9 starspawn tentacles
  3 tentacles (Abyss:1)
2840 creatures vanquished.

Vanquished Creatures (collateral kills)
  3 orbs of fire (Zot:5)
  A pandemonium lord (Pan)
  2 ancient liches (Zot:5)
  A juggernaut (Depths:3)
  A caustic shrike (Depths:5)
  A profane servitor (Abyss:1)
  A Brimstone Fiend (Pan)
  A lich (Abyss:1)
  A Hell Sentinel (Pan)
  2 Orb Guardians (Zot:5)
  A quicksilver dragon (shapeshifter) (Depths:3)
  A death cob (Zot:3)
  A deep elf master archer (Elf:3)
  The ghost of PikkenKukken the Grappler, an adept TrEE of Okawaru (Spider:1)
  3 tentacled starspawn (Abyss:1)
  2 thorn hunters (Swamp:2)
  2 tengu reavers
  Kirke (Lair:4)
  A shadow dragon (Zot:3)
  7 vault wardens
  2 cacodemons (Pan)
  2 balrugs (Pan)
  The ghost of OdinFK the Sorcerer, an adept DEFE of Vehumet (Spider:1)
  The ghost of jotwebe the Brawler, a journeyman DrTm of Wu Jian (Spider:1)
  3 draconian shifters
  2 draconian scorchers (Zot:2)
  2 fire giants
  2 emperor scorpions (Spider:1)
  2 frost giants
  A deep elf sorcerer (Elf:3)
  2 iron dragons
  An angel (Abyss:3)
  An ironheart preserver (Vaults:3)
  2 deep elf elementalists
  A blood saint (Pan)
  A very ugly thing (Depths:2)
  2 entropy weavers
  2 stone giants
  A deep elf demonologist (Elf:3)
  Azrael (D:15)
  A corrupter (Pan)
  Nessos (D:12)
  A green draconian (Zot:1)
  A black draconian (Zot:5)
  A deep elf annihilator (Elf:1)
  A red draconian (Zot:4)
  2 yellow draconians (Zot:1)
  2 dire elephants (Lair:6)
  A lorocyproca (Pan)
  A white draconian (Zot:5)
  A deep elf death mage (Vaults:5)
  3 ettins
  An ettin (shapeshifter) (Vaults:1)
  2 blizzard demons
  2 deep elf high priests
  A fire dragon (Vaults:2)
  3 ogre magi
  2 yaktaur captains
  The ghost of GGGomer the Cleaver, a journeyman MiBe of Trog (Spider:1)
  2 monstrous demonspawn (Pan)
  An ice dragon (Vaults:1)
  A great orb of eyes (Depths:3)
  A naga warrior (Abyss:1)
  2 rakshasas
  12 hydras
  6 vault guards
  2 shambling mangroves (Swamp:3)
  2 centaur warriors
  2 alligators
  A ghost crab (Swamp:4)
  10 two-headed ogres
  4 death yaks (Lair:6)
  3 deep troll shamans
  4 orc high priests (Orc:2)
  7 hell hogs (Hell)
  4 deep troll earth magi
  4 soul eaters
  A deep elf knight (Vaults:1)
  Sonja (Orc:2)
  7 sun demons
  4 hell knights
  A sixfirhy (Pan)
  An entropy weaver zombie (Spider:1)
  5 skeletal warriors
  4 deep trolls
  A spark wasp zombie (Spider:1)
  A spriggan druid (Swamp:4)
  2 shadow demons (Pan)
  6 swamp dragons
  4 infernal demonspawn (Pan)
  8 orc knights
  A wolf spider zombie (Spider:1)
  10 deep elf archers
  2 gelid demonspawn
  2 necromancers
  2 ironbrand convokers
  An orb spider (Spider:4)
  3 orc sorcerers
  18 deep elf magi
  2 manticores
  A harpy (shapeshifter) (D:15)
  2 cyclopes
  14 ugly things
  4 wolf spiders
  3 elephants (Lair:6)
  3 vault sentinels
  A stone giant skeleton (D:15)
  2 orange demons (Zot:3)
  A naga mage (Abyss:1)
  A torpor snail (Spider:3)
  3 smoke demons
  An emperor scorpion zombie (Spider:1)
  A rime drake (Swamp:4)
  2 hellions
  A komodo dragon (shapeshifter) (Depths:1)
  A kobold demonologist (D:14)
  3 yaktaurs
  7 spiny frogs
  A freezing wraith (Hell)
  An ancient zyme (Abyss:1)
  2 ice devils
  An efreet (D:15)
  4 demonic crawlers
  3 polar bears
  3 tengu conjurers
  8 red devils
  A human skeleton (Vaults:2)
  3 trolls
  8 jumping spiders
  5 tyrant leeches
  6 hornets
  A tengu simulacrum (Vaults:2)
  2 slime creatures (Swamp:2)
  4 blink frogs
  2 jumping spider zombies (Spider:1)
  2 bog bodies
  A tarantella zombie (Spider:1)
  5 large abominations
  A hippogriff (Lair:6)
  2 spriggans
  19 redbacks
  2 hogs (Lair:4)
  2 shadows
  5 tarantellas
  A vampire (D:12)
  A redback (shapeshifter) (Elf:2)
  6 yaks
  2 wyverns (Lair:3)
  An ettin skeleton (Vaults:2)
  A wraith (Vaults:3)
  A basilisk (D:9)
  A golden eye (Abyss:1)
  A steam dragon (D:8)
  3 fire elementals
  Menkaure (D:7)
  3 neqoxecs
  10 vampire mosquitoes
  2 hungry ghosts
  2 wargs
  8 swamp worms
  A naga (Abyss:1)
  A soldier ant (Spider:1)
  2 water moccasins (Lair:6)
  A hydra simulacrum (Swamp:3)
  2 orb spider zombies (Spider:1)
  8 hell hounds
  A spiny frog zombie (Abyss:1)
  24 orc warriors
  A swamp drake (Swamp:1)
  An eye of draining (shapeshifter) (Vaults:5)
  3 wolves
  An eye of draining (D:14)
  13 ogres
  3 boggarts (Depths:1)
  6 centaurs
  A crocodile (Lair:5)
  A big kobold (D:14)
  A big kobold (shapeshifter) (Vaults:2)
  A small abomination (Abyss:1)
  5 killer bees
  A vampire bat (Lair:4)
  A crimson imp (Depths:1)
  A quasit (Abyss:1)
  13 orc priests
  Crazy Yiuf (D:3)
  An iron imp (Abyss:1)
  7 orc wizards
  5 hell rats (Lair:6)
  2 worker ants (Spider:1)
  2 ogre zombies (D:10)
  A white imp (D:15)
  40 orcs
  A bat (Lair:4)
  3 kobolds
  An orc zombie (D:10)
  3 crawling corpses (Spider:1)
  3 fungi
  2 plants
  4 starspawn tentacles (Abyss:1)
607 creatures vanquished.

Vanquished Creatures (others)
  Boris (Vaults:5)
  A Killer Klown (Zot:5)
  A pandemonium lord (D:8)
  A tentacled monstrosity (Vaults:5)
  A deep elf master archer (Elf:3)
  2 titans (Vaults:5)
  3 liches (Vaults:5)
  A sphinx (Vaults:5)
  An Executioner (D:8)
  A tengu reaver (Vaults:5)
  A fire giant (Depths:2)
  2 deep elf sorcerers
  A deep elf elementalist (Vaults:5)
  A black draconian (Zot:2)
  A red draconian (Zot:5)
  A vault guard (Vaults:5)
  A centaur warrior (Vaults:4)
  19 dancing weapons
  A two-headed ogre (Vaults:5)
  A sun demon (Pan)
  3 deep elf knights
  An infernal demonspawn (D:8)
  2 ironbrand convokers (Vaults:5)
  A phantasmal warrior (Vaults:5)
  A deep elf archer (Vaults:1)
  2 orc knights
  2 deep elf magi
  An ugly thing (Depths:3)
  A worldbinder (Abyss:3)
  A large abomination (Abyss:1)
  A rust devil (D:8)
  4 vault sentinels
  A demonic crawler (Pan)
  4 yaktaurs
  2 ice devils
  A polar bear (IceCv)
  2 trolls
  A raiju (Abyss:3)
  2 water elementals (D:15)
  A starcursed mass (Abyss:1)
  4 yaks (IceCv)
  2 humans (Lair:4)
  A chaos spawn (Abyss:3)
  3 orc warriors (Vaults:5)
  7 wolves (IceCv)
  3 small abominations (Abyss:3)
  A crimson imp (Depths:1)
  A jelly (D:15)
  A white imp (D:8)
  An ufetubus (Abyss:3)
  9 orcs
  2 bats (Lair:4)
  3 bushes
  18 fungi
  2 lurking horrors
  20 plants
  70 starspawn tentacles
  5 tentacles (Abyss:1)
  A withered plant (Spider:1)
230 creatures vanquished.

Grand Total: 3677 creatures vanquished

Notes
Turn   | Place    | Note
-------+----------+-------------------------------------------
     0 | D:1      | mive the Demonspawn Ice Elementalist began the quest for
                  | the Orb.
     0 | D:1      | Reached XP level 1. HP: 13/13 MP: 3/3
   276 | D:1      | Reached skill level 1 in Fighting
   284 | D:1      | Gained mutation: You have a somewhat thin skeletal
                  | structure. (Dex +2, Stealth) [demonic ancestry]
   284 | D:1      | Reached XP level 2. HP: 20/21 MP: 0/5
  1361 | D:1      | Reached XP level 3. HP: 24/27 MP: 6/6
  2218 | D:2      | Found an ornate altar of the Wu Jian Council.
  2553 | D:2      | Found an opulent altar of Gozag.
  2691 | D:2      | You fall through a shaft!
  3007 | D:3      | Gained mutation: You regenerate a little health from kills.
                  | [demonic ancestry]
  3007 | D:3      | Reached XP level 4. HP: 34/34 MP: 4/7
  3068 | D:3      | Learned a level 4 spell: Summon Ice Beast
  3819 | D:3      | Found a runed translucent door.
  3820 | D:3      | Noticed Crazy Yiuf
  4043 | D:3      | Reached skill level 1 in Summonings
  4133 | D:3      | Found an ancient bone altar of Kikubaaqudgha.
  4133 | D:3      | Noticed a human
  4310 | D:2      | Gained mutation: You have a pair of small horns on your
                  | head. [demonic ancestry]
  4310 | D:2      | Reached XP level 5. HP: 40/40 MP: 8/8
  5296 | D:4      | Reached skill level 1 in Maces & Flails
  5296 | D:4      | Reached skill level 1 in Armour
  5671 | D:4      | Gained mutation: You have a pair of horns on your head.
                  | [demonic ancestry]
  5671 | D:4      | Reached XP level 6. HP: 30/47 MP: 5/9
  6497 | D:4      | Noticed a +0 dagger
  6522 | D:4      | Noticed a +0 dagger
  6899 | D:4      | Found a hide-covered altar of Uskayaw.
  7349 | D:4      | Reached XP level 7. HP: 54/54 MP: 10/10
  7812 | D:5      | Entered Level 5 of the Dungeon
  7824 | D:5      | Found a shimmering altar of Xom.
  8382 | D:5      | Found a hazy altar of Hepliaklqana.
  9923 | D:6      | Reached skill level 5 in Fighting
 10268 | D:5      | Found a staircase to the Ecumenical Temple.
 10274 | Temple   | Entered the Ecumenical Temple
 10436 | D:5      | Noticed a tengu warrior
 10485 | D:5      | Gained mutation: You are immune to rotting. [demonic
                  | ancestry]
 10485 | D:5      | Reached XP level 8. HP: 27/62 MP: 11/11
 12076 | D:6      | Found the +2 ratskin cloak {+Rats rPois rN+ Str-1 Int-1
                  | Dex+1}
 12338 | D:6      | Learned a level 4 spell: Throw Icicle
 12341 | D:6      | Learned a level 2 spell: Passwall
 12999 | D:4      | Found a hide-covered altar of Uskayaw.
 13191 | D:4      | Reached skill level 5 in Maces & Flails
 13191 | D:4      | Reached skill level 5 in Armour
 13591 | D:4      | Found a hide-covered altar of Uskayaw.
 14104 | D:2      | Became a worshipper of Gozag Ym Sagoz the Greedy
 14260 | D:3      | Killed Crazy Yiuf
 14573 | D:6      | Gained mutation: You regenerate health from kills. [demonic
                  | ancestry]
 14573 | D:6      | Reached XP level 9. HP: 57/71 MP: 10/12
 14792 | D:7      | Noticed Menkaure
 14824 | D:7      | Killed Menkaure
 15707 | D:7      | Found a snail-covered altar of Cheibriados.
 16054 | D:8      | Reached skill level 5 in Ice Magic
 16719 | D:8      | Found an iron altar of Okawaru.
 16828 | D:8      | Found a white marble altar of Elyvilon.
 16828 | D:8      | Found a glowing golden altar of the Shining One.
 16833 | D:8      | Found a glowing silver altar of Zin.
 16991 | D:8      | Found a stormy altar of Qazlal.
 17070 | D:9      | Noticed a two-headed ogre
 17646 | D:9      | Noticed a troll
 17666 | D:9      | Killed a troll
 17710 | D:9      | Gained mutation: You have a moderately thin skeletal
                  | structure. (Dex +4, Stealth+) [demonic ancestry]
 17710 | D:9      | Reached XP level 10. HP: 31/80 MP: 7/13
 17928 | D:9      | Learned a level 2 spell: Blink
 18093 | D:9      | Reached skill level 1 in Translocations
 18878 | D:9      | Killed a two-headed ogre
 18894 | D:9      | Learned a level 3 spell: Conjure Flame
 18991 | D:9      | Found a staircase to the Lair.
 19270 | D:10     | Entered Level 10 of the Dungeon
 19305 | D:10     | Found a staircase to the Orcish Mines.
 19601 | D:10     | Reached skill level 1 in Fire Magic
 20827 | D:10     | Noticed Urug
 20875 | D:10     | Killed Urug
 20875 | D:10     | Reached skill level 5 in Conjurations
 20875 | D:10     | Reached skill level 5 in Summonings
 21904 | D:10     | Gained mutation: You are robust. (+10% HP) [demonic
                  | ancestry]
 21904 | D:10     | Reached XP level 11. HP: 41/94 MP: 14/17
 22191 | D:10     | Found Beoxuruc's Food Shoppe.
 22494 | D:10     | Bought a ration for 65 gold pieces
 22494 | D:10     | Bought a ration for 65 gold pieces
 22494 | D:10     | Bought a ration for 65 gold pieces
 22494 | D:10     | Bought a ration for 65 gold pieces
 22926 | Lair:1   | Entered Level 1 of the Lair of Beasts
 22926 | Lair:1   | Noticed a six-headed hydra
 22937 | Lair:1   | Killed a six-headed hydra
 22938 | Lair:1   | Reached skill level 1 in Polearms
 22938 | Lair:1   | Reached skill level 5 in Dodging
 23014 | Lair:1   | Found a gate leading to a gauntlet.
 23040 | Gauntlet | Entered a Gauntlet
 23040 | Gauntlet | Found a transporter.
 23040 | Gauntlet | Noticed a white ugly thing
 23048 | Gauntlet | Noticed a sun demon
 23049 | Gauntlet | Found a transporter.
 23063 | Gauntlet | Found a transporter.
 23067 | Gauntlet | Found a transporter.
 23069 | Gauntlet | Noticed a cyan ugly thing
 23074 | Gauntlet | Noticed a glowing orange brain
 23079 | Gauntlet | Found a transporter.
 23088 | Gauntlet | Noticed a glowing orange brain
 23097 | Gauntlet | Found a transporter.
 23103 | Gauntlet | Found a transporter.
 23106 | Gauntlet | Found a transporter.
 23107 | Gauntlet | Noticed a hell hog
 23129 | Gauntlet | Found a transporter.
 23130 | Gauntlet | Noticed an orange crystal statue
 23137 | Gauntlet | Found a transporter.
 23137 | Gauntlet | Found a transporter.
 23143 | Gauntlet | Noticed a purple ugly thing
 23145 | Gauntlet | Found a transporter.
 23147 | Gauntlet | Noticed a great orb of eyes
 23174 | Gauntlet | Noticed a death ooze
 23449 | Lair:1   | Got a warped shortbow
 25692 | Lair:2   | Noticed a four-headed hydra
 25701 | Lair:2   | Killed a four-headed hydra
 26583 | Lair:3   | Reached skill level 5 in Fire Magic
 26893 | Lair:3   | Noticed a four-headed hydra
 26905 | Lair:3   | Killed a four-headed hydra
 26905 | Lair:3   | Reached skill level 5 in Translocations
 27258 | Lair:3   | Noticed a six-headed hydra
 27289 | Lair:3   | Killed a six-headed hydra
 27558 | Lair:3   | Found a staircase to the Swamp.
 27880 | Lair:3   | Reached XP level 12. HP: 94/104 MP: 11/18
 28518 | Lair:4   | Found a hole to the Spider Nest.
 29452 | Lair:4   | Reached skill level 5 in Polearms
 29498 | Lair:4   | Noticed Kirke
 29512 | Lair:4   | Killed Kirke
 30010 | Lair:4   | Noticed a four-headed hydra
 30019 | Lair:4   | Killed a four-headed hydra
 31015 | Lair:5   | Found a runed translucent door.
 31015 | Lair:5   | Noticed Cerr's ghost (journeyman FeWr)
 31087 | Lair:5   | Noticed a four-headed hydra
 31094 | Lair:5   | Killed a four-headed hydra
 31296 | Lair:5   | Found a frozen archway.
 31338 | IceCv    | Entered an ice cave
 33341 | IceCv    | Reached skill level 1 in Evocations
 33341 | IceCv    | Reached XP level 13. HP: 104/112 MP: 12/19
 34498 | IceCv    | Noticed a frost giant
 34523 | IceCv    | Killed a frost giant
 34523 | IceCv    | Reached skill level 10 in Fighting
 34932 | IceCv    | Got a smelly plate armour
 34987 | Lair:5   | Learned a level 4 spell: Summon Lightning Spire
 36893 | Lair:5   | Killed Cerr's ghost
 36893 | Lair:5   | Reached skill level 1 in Air Magic
 37150 | Lair:6   | Entered Level 6 of the Lair of Beasts
 37363 | Lair:6   | Found a viscous altar of Jiyva.
 37363 | Lair:6   | Found a staircase to the Slime Pits.
 39104 | Lair:6   | Reached skill level 5 in Spellcasting
 39366 | Lair:6   | Bought a ration for 60 gold pieces
 39366 | Lair:6   | Bought a ration for 60 gold pieces
 39366 | Lair:6   | Bought a ration for 60 gold pieces
 39366 | Lair:6   | Bought a ration for 60 gold pieces
 39366 | Lair:6   | Bought a ration for 60 gold pieces
 39366 | Lair:6   | Bought a ration for 60 gold pieces
 39366 | Lair:6   | Bought a ration for 60 gold pieces
 40681 | Lair:6   | Noticed a dire elephant
 40712 | Lair:6   | Killed a dire elephant
 40817 | Lair:6   | Noticed a dire elephant
 40817 | Lair:6   | Noticed a dire elephant
 41099 | Lair:6   | Killed a dire elephant
 41243 | Lair:6   | Killed a dire elephant
 41368 | Lair:6   | Got a translucent jade ring
 41574 | Lair:6   | Noticed a dire elephant
 41624 | Lair:6   | Found Peicwiw's Food Shop.
 41686 | Lair:6   | Killed a dire elephant
 41686 | Lair:6   | Gained mutation: You have a pair of large horns on your
                  | head. [demonic ancestry]
 41686 | Lair:6   | Reached XP level 14. HP: 55/122 MP: 6/21
 41911 | Lair:6   | Bought a ration for 60 gold pieces
 41911 | Lair:6   | Bought a ration for 60 gold pieces
 41913 | Lair:6   | Bought a ration for 60 gold pieces
 41988 | Lair:6   | Reached skill level 5 in Air Magic
 42275 | Lair:6   | Found a staircase to the Slime Pits.
 42275 | Lair:6   | Found a viscous altar of Jiyva.
 43182 | Lair:6   | Learned a level 2 spell: Poisonous Vapours
 43404 | D:10     | Bought a ration for 65 gold pieces
 43404 | D:10     | Bought a ration for 65 gold pieces
 43404 | D:10     | Bought a ration for 65 gold pieces
 43404 | D:10     | Bought a ration for 65 gold pieces
 43404 | D:10     | Bought a ration for 65 gold pieces
 43404 | D:10     | Bought a ration for 65 gold pieces
 44673 | D:11     | Found an opulent altar of Gozag.
 44929 | D:11     | Identified the cursed +3 shortbow of Riadu {speed, rElec
                  | rF+ Int+2} (You found it on level 1 of the Lair of Beasts)
 45010 | Orc:1    | Entered Level 1 of the Orcish Mines
 45199 | Orc:2    | Entered Level 2 of the Orcish Mines
 45205 | Orc:1    | Found a radiant altar of Vehumet.
 45205 | Orc:1    | Found a flagged portal.
 45209 | Orc:1    | Paralysed by an orc sorcerer for 7 turns
 45284 | Bailey   | Entered a bailey
 48103 | Orc:2    | Found a staircase to the Elven Halls.
 48612 | Orc:2    | Noticed Sonja
 48631 | Orc:2    | Killed Sonja
 49425 | Orc:2    | Found Ivalamn's Food Shoppe.
 49451 | Orc:2    | Found Fefuffo's Magic Scroll Emporium.
 49822 | Orc:2    | Bought a ration for 65 gold pieces
 49822 | Orc:2    | Bought a ration for 65 gold pieces
 49822 | Orc:2    | Bought a ration for 65 gold pieces
 49822 | Orc:2    | Bought a ration for 65 gold pieces
 49824 | Orc:2    | Bought a scroll of teleportation for 42 gold pieces
 49824 | Orc:2    | Bought a scroll of teleportation for 42 gold pieces
 49824 | Orc:2    | Bought 2 scrolls of identify for 56 gold pieces
 49824 | Orc:2    | Bought a scroll of identify for 28 gold pieces
 52083 | Orc:2    | Found Agapnuv's Book Shop.
 52083 | Orc:2    | Found a one-way gate leading to the halls of Pandemonium.
 52083 | Orc:2    | Found Ismymp's Antique Weapon Boutique.
 52142 | Orc:2    | Bought a scroll of identify for 28 gold pieces
 52142 | Orc:2    | Bought a scroll of teleportation for 42 gold pieces
 52142 | Orc:2    | Bought a scroll of teleportation for 42 gold pieces
 52145 | Orc:2    | Bought a ration for 65 gold pieces
 52145 | Orc:2    | Bought a ration for 65 gold pieces
 52145 | Orc:2    | Bought a ration for 65 gold pieces
 52145 | Orc:2    | Bought a ration for 65 gold pieces
 52145 | Orc:2    | Bought a ration for 65 gold pieces
 52176 | Orc:2    | Bought a book of Clouds for 675 gold pieces
 52754 | D:12     | Found Vevafeshraurr's Book Shop.
 53134 | D:12     | Noticed Nessos
 53203 | D:12     | Killed Nessos
 54238 | D:13     | Reached XP level 15. HP: 130/132 MP: 24/24
 55721 | D:13     | Paralysed by an orc sorcerer for 3 turns
 58099 | D:13     | Found a gate to the Vaults.
 58382 | D:14     | Noticed Agnes
 58572 | D:13     | Killed Agnes
 59425 | D:14     | Noticed Jorgrun
 59452 | D:14     | Killed Jorgrun
 60860 | D:14     | Learned a level 6 spell: Freezing Cloud
 61323 | D:15     | Entered Level 15 of the Dungeon
 62707 | D:13     | Bought a ration for 50 gold pieces
 62707 | D:13     | Bought a ration for 50 gold pieces
 62707 | D:13     | Bought a ration for 50 gold pieces
 62707 | D:13     | Bought a ration for 50 gold pieces
 63605 | D:15     | Noticed Azrael
 64056 | D:15     | Killed Azrael
 64134 | D:15     | Found a staircase to the Depths.
 64700 | D:13     | Bought a ration for 50 gold pieces
 64700 | D:13     | Bought a ration for 50 gold pieces
 64700 | D:13     | Bought a ration for 50 gold pieces
 64700 | D:13     | Bought a ration for 50 gold pieces
 64700 | D:13     | Bought a ration for 50 gold pieces
 65847 | D:12     | Bought a book of Debilitation for 600 gold pieces
 66009 | Swamp:1  | Entered Level 1 of the Swamp
 67155 | Swamp:1  | Reached XP level 16. HP: 93/141 MP: 26/26
 67742 | Swamp:2  | Reached XP level 17. HP: 150/150 MP: 27/27
 68771 | Swamp:2  | Reached skill level 1 in Shields
 69607 | Swamp:2  | Got an ichor-stained ring mail
 69618 | Swamp:2  | Identified the cursed +1 ring mail of the Sun {MR+} (You
                  | found it on level 2 of the Swamp)
 70678 | Swamp:3  | Found a transporter.
 70807 | Swamp:3  | HP: 4/150 [shambling mangrove (10)]
 71070 | Swamp:3  | Noticed SharpKris's ghost (adept FoFi)
 71072 | Swamp:3  | Found a transporter.
 72318 | Swamp:4  | Entered Level 4 of the Swamp
 73559 | Swamp:3  | Found a transporter.
 75161 | Swamp:3  | Bought a ration for 50 gold pieces
 75161 | Swamp:3  | Bought a ration for 50 gold pieces
 75161 | Swamp:3  | Bought a ration for 50 gold pieces
 75161 | Swamp:3  | Bought a ration for 50 gold pieces
 75161 | Swamp:3  | Bought a ration for 50 gold pieces
 75161 | Swamp:3  | Bought a ration for 50 gold pieces
 75161 | Swamp:3  | Bought a ration for 50 gold pieces
 75161 | Swamp:3  | Bought a ration for 50 gold pieces
 75161 | Swamp:3  | Bought a ration for 50 gold pieces
 75406 | Swamp:4  | Found a transporter.
 75411 | Swamp:4  | Noticed P0WERM0DE's ghost (adept DDFi)
 75499 | Swamp:4  | Found a transporter.
 75555 | Swamp:4  | Got a decaying rune of Zot
 76264 | Swamp:4  | Learned a level 3 spell: Inner Flame
 77060 | Spider:1 | Entered Level 1 of the Spider Nest
 77932 | Spider:1 | Reached skill level 10 in Ice Magic
 78368 | Spider:1 | Reached skill level 1 in Hexes
 79798 | Spider:1 | Found a runed translucent gate.
 79798 | Spider:1 | Found a runed translucent gate.
 79798 | Spider:1 | Found a runed translucent gate.
 79798 | Spider:1 | Noticed jotwebe's ghost (journeyman DrTm)
 79799 | Spider:1 | Noticed GGGomer's ghost (journeyman MiBe)
 79799 | Spider:1 | Noticed OdinFK's ghost (adept DEFE)
 79799 | Spider:1 | Noticed PikkenKukken's ghost (adept TrEE)
 80119 | Spider:1 | Gained mutation: You may emit foul miasma when damaged in
                  | melee. [demonic ancestry]
 80119 | Spider:1 | Reached XP level 18. HP: 132/157 MP: 30/30
 80344 | Spider:1 | Identified the ring "Xuih" {rElec rC+ rN+ SInv Stlth-} (You
                  | found it on level 6 of the Lair of Beasts)
 81335 | Spider:2 | Learned a level 5 spell: Lightning Bolt
 83920 | Spider:3 | Noticed Bai Suzhen
 84113 | Spider:3 | Killed Bai Suzhen
 84113 | Spider:3 | Reached skill level 10 in Polearms
 84520 | Spider:4 | Entered Level 4 of the Spider Nest
 84709 | Spider:4 | Reached skill level 10 in Conjurations
 84743 | Spider:4 | Reached skill level 10 in Armour
 86617 | Spider:4 | Reached skill level 10 in Air Magic
 88027 | Spider:4 | Got a gossamer rune of Zot
 88802 | Swamp:4  | Killed P0WERM0DE's ghost
 89242 | Swamp:3  | Killed SharpKris's ghost
 89394 | Swamp:3  | Bought a ration for 65 gold pieces
 89394 | Swamp:3  | Bought a ration for 65 gold pieces
 89394 | Swamp:3  | Bought a ration for 65 gold pieces
 89394 | Swamp:3  | Bought a ration for 65 gold pieces
 89659 | Elf:1    | Entered Level 1 of the Elven Halls
 91539 | Elf:1    | Reached XP level 19. HP: 131/168 MP: 16/32
 94622 | Elf:2    | Reached skill level 10 in Spellcasting
 95074 | Elf:2    | Noticed Aizul
 95101 | Elf:2    | Killed Aizul
 95101 | Elf:2    | Reached skill level 15 in Fighting
 95332 | Elf:2    | Found a huge runed translucent gate.
 95332 | Elf:2    | Found a huge runed translucent gate.
 95332 | Elf:2    | Found a huge runed translucent gate.
 95333 | Elf:2    | Found a huge runed translucent gate.
 95335 | Elf:2    | Found a huge runed translucent gate.
 95682 | Vaults:1 | Entered Level 1 of the Vaults
 95813 | Vaults:1 | Noticed Nikola
 95849 | Vaults:1 | Killed Nikola
 97354 | Vaults:1 | Found a roughly hewn altar of Beogh.
 99556 | D:13     | Bought a ration for 50 gold pieces
 99556 | D:13     | Bought a ration for 50 gold pieces
 99556 | D:13     | Bought a ration for 50 gold pieces
 99556 | D:13     | Bought a ration for 50 gold pieces
100057 | Vaults:2 | Learned a level 7 spell: Orb of Destruction
100759 | Vaults:2 | Reached XP level 20. HP: 178/178 MP: 24/34
102014 | D:13     | Bought a ration for 50 gold pieces
102014 | D:13     | Bought a ration for 50 gold pieces
102014 | D:13     | Bought a ration for 50 gold pieces
102014 | D:13     | Bought a ration for 50 gold pieces
102014 | D:13     | Bought a ration for 50 gold pieces
102014 | D:13     | Bought a ration for 50 gold pieces
102284 | Swamp:3  | Bought a ration for 65 gold pieces
102284 | Swamp:3  | Bought a ration for 65 gold pieces
102284 | Swamp:3  | Bought a ration for 65 gold pieces
102284 | Swamp:3  | Bought a ration for 65 gold pieces
102284 | Swamp:3  | Bought a ration for 65 gold pieces
102284 | Swamp:3  | Bought a ration for 65 gold pieces
103325 | Vaults:2 | Found a staircase to the Crypt.
103877 | Vaults:2 | Found a portal to a secret trove of treasure.
104468 | Vaults:3 | Reached skill level 1 in Poison Magic
105199 | Vaults:3 | Identified the +9 spear of Bacwy {venom, *Drain rC+ rN+}
107025 | Vaults:3 | Reached skill level 10 in Summonings
108439 | Vaults:4 | Found a shimmering altar of Xom.
108549 | Vaults:4 | Reached skill level 5 in Shields
109564 | Vaults:4 | Gained mutation: You are very robust. (+20% HP) [demonic
                  | ancestry]
109564 | Vaults:4 | Reached XP level 21. HP: 166/201 MP: 4/35
111221 | Elf:3    | Entered Level 3 of the Elven Halls
111687 | Elf:3    | Noticed Vatovie's ghost (journeyman MiBe)
111687 | Elf:3    | Identified the +9 longbow "Ynat" {freeze, rPois rF- rC+
                  | Dex+4}
111688 | Elf:3    | Found a bloodstained altar of Trog.
111691 | Elf:3    | Identified the +4 rapier of Tergho {speed, Int+3}
111691 | Elf:3    | Identified the cursed +2 rapier of Kismet {distort, +Blink
                  | SInv}
111691 | Elf:3    | Identified the ring of Archat {rCorr rPois rF+++ rC+ Str-5
                  | Slay-5}
111696 | Elf:3    | Found a transporter.
111698 | Elf:3    | Identified the +7 rapier of Exquisite Torment {antimagic,
                  | +Rage rElec rF+++ Str-4}
111698 | Elf:3    | Identified the +4 rapier of the Evil Eye {flame, MR- Dex+7
                  | Stlth+}
111794 | Elf:3    | Found a transporter.
114330 | Elf:3    | Identified the ring "Pagoaf" {rF+ AC+4 Int+3}
114341 | Elf:3    | Identified the ring "Failielo" {rPois Str+5 Slay+3}
114815 | Elf:3    | Identified the ring "Luh Lopu" {rPois rC+ MR+ Str+3}
115382 | Elf:3    | Identified the +8 flail of the Ten Princes {flame, rC++ rN+
                  | Int+3}
115499 | Elf:3    | Identified the cursed +1 falchion of Hubris {vamp, rElec
                  | rPois Int+2}
115514 | Elf:3    | Identified the cursed +0 ring mail of the Nexus {-Cast rF+
                  | Str+2}
116107 | Elf:3    | Identified the +4 flail of Courage {drain, +Rage MR+}
116823 | Elf:3    | Bought a ration for 50 gold pieces
116823 | Elf:3    | Bought a ration for 50 gold pieces
116823 | Elf:3    | Bought a ration for 50 gold pieces
116823 | Elf:3    | Bought a ration for 50 gold pieces
117382 | Elf:3    | Identified the +8 flail "Ottargh" {crush, *Drain Int+2
                  | Stlth+}
117531 | Elf:3    | Found the amulet of the Air {Inacc +Fly rElec EV+5 RMsl}
118525 | Spider:1 | Killed PikkenKukken's ghost
118542 | Spider:1 | Killed OdinFK's ghost
118546 | Spider:1 | Killed jotwebe's ghost
118548 | Spider:1 | Killed GGGomer's ghost
118580 | Spider:1 | Got a scintillating platinum amulet
118582 | Spider:1 | Identified the amulet "Galyzuc" {Acrobat rElec rN+ Dex+2}
                  | (You found it on level 1 of the Spider Nest)
121059 | Elf:3    | Bought a ration for 50 gold pieces
121059 | Elf:3    | Bought a ration for 50 gold pieces
121059 | Elf:3    | Bought a ration for 50 gold pieces
121059 | Elf:3    | Bought a ration for 50 gold pieces
121059 | Elf:3    | Bought a ration for 50 gold pieces
121059 | Elf:3    | Bought a ration for 50 gold pieces
121353 | Depths:1 | Entered Level 1 of the Depths
121669 | Depths:1 | Learned a level 7 spell: Spellforged Servitor
121907 | Depths:1 | Found a gateway to Hell.
122228 | Depths:1 | Found a shadowy altar of Dithmenos.
122294 | Depths:1 | Noticed a caustic shrike
122294 | Depths:1 | Found a basalt altar of Yredelemnul.
122314 | Depths:1 | Killed a caustic shrike
123020 | Depths:1 | Reached XP level 22. HP: 194/210 MP: 11/37
124070 | Depths:1 | Found a runed translucent door.
124184 | Depths:1 | Reached skill level 10 in Shields
124961 | Depths:1 | Found a runed translucent door.
125026 | Depths:1 | Found a basalt altar of Yredelemnul.
125055 | Depths:1 | Found a gateway to Hell.
125066 | Depths:1 | Found a shadowy altar of Dithmenos.
127730 | Depths:2 | Found Lali's Antique Armour Boutique.
127855 | Depths:2 | Bought a glowing shield for 247 gold pieces
127855 | Depths:2 | Bought an embroidered cloak for 247 gold pieces
127855 | Depths:2 | Bought a pair of embroidered gloves for 247 gold pieces
127968 | Depths:2 | Found a one-way gate to the infinite horrors of the Abyss.
129116 | Depths:3 | Reached skill level 15 in Conjurations
130085 | Depths:3 | Noticed Mennas
130129 | Depths:3 | Killed Mennas
131179 | Depths:3 | Gained mutation: You have an unnaturally thin skeletal
                  | structure. (Dex +6, Stealth++) [demonic ancestry]
131179 | Depths:3 | Reached XP level 23. HP: 157/219 MP: 14/38
133262 | Depths:3 | Noticed a juggernaut
133270 | Depths:3 | Noticed a caustic shrike
133868 | Depths:3 | Killed a juggernaut
134141 | Depths:3 | Killed a caustic shrike
134542 | Depths:3 | Identified the +2 shortbow of the Equinox {flame, Int+3}
                  | (You found it on level 3 of the Depths)
135245 | Depths:3 | Bought a ration for 65 gold pieces
135245 | Depths:3 | Bought a ration for 65 gold pieces
135245 | Depths:3 | Bought a ration for 65 gold pieces
135245 | Depths:3 | Bought a ration for 65 gold pieces
135245 | Depths:3 | Bought a ration for 65 gold pieces
135245 | Depths:3 | Bought a ration for 65 gold pieces
135245 | Depths:3 | Bought a ration for 65 gold pieces
135245 | Depths:3 | Bought a ration for 65 gold pieces
136425 | Depths:4 | You fall through a shaft!
136425 | Depths:5 | Entered Level 5 of the Depths
137215 | Depths:4 | Found a gateway to a ziggurat.
138630 | Depths:4 | Found a gateway to a ziggurat.
139715 | Depths:5 | Noticed a caustic shrike
139716 | Depths:5 | Noticed a caustic shrike
141736 | Depths:5 | Noticed Boris
141768 | Depths:4 | Killed Boris
141950 | Depths:4 | Found a gateway to a ziggurat.
142540 | Depths:5 | Noticed a caustic shrike
142554 | Depths:4 | Killed a caustic shrike
143022 | Depths:4 | Killed a caustic shrike
143022 | Depths:4 | Reached XP level 24. HP: 187/229 MP: 36/38
143179 | Depths:5 | Reached skill level 15 in Shields
143410 | Depths:5 | Upgraded the game from 0.23.1-37-gaa34b87b72 to
                  | 0.23.1-38-g628c18f423
143599 | Depths:3 | Bought a ration for 65 gold pieces
143599 | Depths:3 | Bought a ration for 65 gold pieces
144347 | Depths:5 | Found Ciogg's Jewellery Boutique.
144347 | Depths:5 | Found Vuogubul's Gadget Emporium.
144348 | Depths:5 | Found Xonaics Zaax's Gadget Emporium.
144572 | Depths:5 | Found a gate to the Realm of Zot.
144720 | Depths:5 | Bought a lamp of fire for 440 gold pieces
144729 | Depths:5 | Bought a wand of acid (12) for 576 gold pieces
144795 | Depths:2 | Voluntarily entered the Abyss.
144853 | Abyss:2  | Found a huge runed translucent gate.
144853 | Abyss:2  | Found a huge runed translucent gate.
144860 | Abyss:2  | Found a huge runed translucent gate.
144860 | Abyss:2  | Found a huge runed translucent gate.
144861 | Abyss:2  | Found a huge runed translucent gate.
145079 | Abyss:3  | Found a stormy altar of Qazlal.
145163 | Abyss:3  | Noticed a juggernaut
145169 | Abyss:3  | Found a glowing golden altar of the Shining One.
145320 | Abyss:3  | Found a glowing golden altar of the Shining One.
145341 | Abyss:3  | Killed a juggernaut
146291 | Depths:2 | Escaped the Abyss
146457 | Depths:2 | Voluntarily entered the Abyss.
146467 | Abyss:1  | Found a corrupted altar of Lugonu.
146515 | Abyss:1  | Found a corrupted altar of Lugonu.
146549 | Depths:2 | Escaped the Abyss
146584 | Depths:2 | Voluntarily entered the Abyss.
146589 | Abyss:1  | Found a corrupted altar of Lugonu.
146856 | Abyss:1  | Got a translucent hand crossbow
146857 | Abyss:1  | Identified the +11 hand crossbow of the Solstice {elec,
                  | rPois rC+} (You found it on level 1 of the Abyss)
147454 | Abyss:1  | Found an opulent altar of Gozag.
147461 | Depths:2 | Escaped the Abyss
147463 | Depths:2 | Voluntarily entered the Abyss.
148009 | Abyss:1  | Reached skill level 5 in Stealth
148218 | Abyss:2  | Paralysed by accursed screaming for 1 turns
148516 | Abyss:3  | Found a corrupted altar of Lugonu.
149085 | Abyss:3  | Got an abyssal rune of Zot
149464 | Depths:2 | Escaped the Abyss
149707 | Vaults:2 | You showed the abyssal rune of Zot to enter a treasure
                  | trove
149708 | Trove    | Entered a treasure trove
149719 | Trove    | Found the +2 pair of boots of the Assassin {Detection Stab+
                  | Stlth++}
149743 | Trove    | Identified the +2 cloak "Bonaham" {Dex+4} (You found it in
                  | a treasure trove)
149745 | Trove    | Identified the +4 fire dragon scales of Quantum Leap {rF++
                  | rC- Int+4 Dex+2 Stlth-} (You found it in a treasure trove)
149767 | Trove    | Identified the ring of Jadoh {Str+2 Slay+5} (You found it
                  | in a treasure trove)
149770 | Trove    | Identified the amulet of Natinuag {Harm *Drain Int+4} (You
                  | found it in a treasure trove)
150543 | Vaults:5 | Entered Level 5 of the Vaults
150577 | Vaults:4 | Gained mutation: You frequently emit foul miasma when
                  | damaged in melee. [demonic ancestry]
150577 | Vaults:4 | Reached XP level 25. HP: 206/240 MP: 14/38
150771 | Vaults:5 | Identified the +7 dagger "Wuadd" {pierce, Str+2 Dex+5}
150844 | Vaults:5 | Noticed Boris
150849 | Vaults:5 | Killed Boris
151077 | Vaults:5 | Reached skill level 10 in Dodging
151360 | Vaults:5 | Identified the +10 halberd of Entrepreneurial Spirit
                  | {freeze, rC- MR+ Str+3 Dex+4}
151360 | Vaults:5 | Identified the amulet "Pisuduc" {Reflect +Inv rN+ SH+5}
151511 | Vaults:5 | Noticed an ancient lich
151532 | Vaults:5 | Killed an ancient lich
152021 | Vaults:5 | Identified the +5 whip of Ycre {slash, rPois rF+ MP+9}
152390 | Vaults:5 | Identified the +1 eveningstar of Beinos {crush, rF+ Int+3}
152615 | Vaults:5 | Identified the +11 lajatang "Deareph" {slice, rElec Str+3}
152615 | Vaults:5 | Identified the ring "Oploat" {rF++ AC+2}
153171 | Vaults:5 | Reached skill level 15 in Summonings
153645 | Vaults:5 | Identified the +7 shortbow "Oshrou Foaruj" {freeze,
                  | *Corrode +Inv rF+ Int+4}
153649 | Vaults:5 | Identified the +8 hand crossbow of Difuos {freeze, rElec
                  | rC+ MP+9 Int-3}
153649 | Vaults:5 | Identified the +1 scale mail of the Immovable Runes {+Inv
                  | rF+}
154166 | Vaults:5 | Gained mutation: You regenerate a lot of health from kills.
                  | [demonic ancestry]
154166 | Vaults:5 | Reached XP level 26. HP: 253/253 MP: 27/38
154704 | Vaults:5 | Got a silver rune of Zot
155551 | Depths:5 | Learned a level 2 spell: Swiftness
155589 | Depths:4 | Learned a level 5 spell: Irradiate
155672 | Depths:2 | Learned a level 3 spell: Regeneration
155741 | Depths:2 | Voluntarily entered the Abyss.
156144 | Abyss:1  | Got a crystal morningstar
156194 | Abyss:1  | Identified the Incunabulum of Damaging Protection
156269 | Depths:2 | Escaped the Abyss
156279 | Depths:2 | Voluntarily entered the Abyss.
156365 | Abyss:1  | Reached skill level 1 in Necromancy
156368 | Abyss:1  | Reached skill level 1 in Charms
156368 | Abyss:1  | Reached skill level 1 in Transmutations
156368 | Abyss:1  | Reached skill level 1 in Earth Magic
156819 | Depths:2 | Escaped the Abyss
156914 | Depths:2 | Voluntarily entered the Abyss.
156929 | Abyss:1  | Identified 3 scrolls of acquirement
156943 | Depths:2 | Escaped the Abyss
156959 | Depths:2 | Identified the +1 crystal plate armour of Dithmenos's
                  | Approval {-Cast Slay+3 SInv Stlth+} (You acquired it on
                  | level 2 of the Depths)
156961 | Depths:2 | Identified the +0 scale mail of Melancholy {rPois rF+ MP+9}
                  | (You acquired it on level 2 of the Depths)
156963 | Depths:2 | Identified the +0 pair of gloves "Maahogep" {MR- Str+2
                  | Dex+3} (You acquired it on level 2 of the Depths)
156969 | Depths:2 | Voluntarily entered the Abyss.
156972 | Abyss:1  | Found a corrupted altar of Lugonu.
157034 | Depths:2 | Escaped the Abyss
157037 | Depths:2 | Voluntarily entered the Abyss.
157069 | Depths:2 | Escaped the Abyss
157103 | Depths:2 | Voluntarily entered the Abyss.
157358 | Depths:2 | Escaped the Abyss
157460 | Depths:2 | Voluntarily entered the Abyss.
157460 | Abyss:1  | Found a corrupted altar of Lugonu.
157633 | Depths:2 | Escaped the Abyss
157668 | Depths:2 | Voluntarily entered the Abyss.
157830 | Depths:2 | Escaped the Abyss
157844 | Depths:2 | Voluntarily entered the Abyss.
157913 | Depths:2 | Escaped the Abyss
157936 | Depths:2 | Voluntarily entered the Abyss.
157936 | Abyss:1  | Found a corrupted altar of Lugonu.
158122 | Abyss:1  | Found a corrupted altar of Lugonu.
158150 | Abyss:1  | Found a corrupted altar of Lugonu.
158248 | Abyss:1  | Learned a level 1 spell: Apportation
158487 | Depths:2 | Escaped the Abyss
158597 | Depths:2 | Voluntarily entered the Abyss.
158668 | Depths:2 | Escaped the Abyss
158796 | Depths:2 | Voluntarily entered the Abyss.
159429 | Depths:2 | Escaped the Abyss
159431 | Depths:2 | Voluntarily entered the Abyss.
159536 | Depths:2 | Escaped the Abyss
159538 | Depths:2 | Voluntarily entered the Abyss.
159541 | Abyss:1  | Found a corrupted altar of Lugonu.
159590 | Depths:2 | Escaped the Abyss
159592 | Depths:2 | Voluntarily entered the Abyss.
159592 | Abyss:1  | Found a corrupted altar of Lugonu.
159651 | Abyss:1  | Reached skill level 5 in Necromancy
160080 | Abyss:1  | Reached skill level 5 in Transmutations
160087 | Abyss:1  | Reached skill level 5 in Earth Magic
160243 | Depths:2 | Escaped the Abyss
160349 | Depths:5 | Bought an uncursed ring of resist corrosion for 420 gold
                  | pieces
160375 | Zot:1    | Entered Level 1 of the Realm of Zot
161719 | Zot:1    | Gained mutation: You are extremely robust. (+30% HP)
                  | [demonic ancestry]
161719 | Zot:1    | Reached XP level 27. HP: 136/284 MP: 8/39
162086 | Zot:1    | You fall through a shaft!
167666 | Zot:2    | Found the +9 sword of Zonguldrok {reap}
173273 | Zot:3    | Bought a ration for 65 gold pieces
173273 | Zot:3    | Bought a ration for 65 gold pieces
173273 | Zot:3    | Bought a ration for 65 gold pieces
173273 | Zot:3    | Bought a ration for 65 gold pieces
173273 | Zot:3    | Bought a ration for 65 gold pieces
173273 | Zot:3    | Bought a ration for 65 gold pieces
173273 | Zot:3    | Bought a ration for 65 gold pieces
173273 | Zot:3    | Bought a ration for 65 gold pieces
173273 | Zot:3    | Bought a ration for 65 gold pieces
175471 | Zot:5    | Entered Level 5 of the Realm of Zot
177541 | Zot:5    | Noticed an orb of fire
177545 | Zot:5    | Gained mutation: You can translocate small distances at
                  | will. [an orb of fire]
177567 | Zot:5    | Killed an orb of fire
177768 | Zot:5    | Noticed an orb of fire
177773 | Zot:5    | Gained mutation: You are somewhat resistant to further
                  | mutation. [an orb of fire]
177787 | Zot:5    | Killed an orb of fire
177788 | Zot:5    | Noticed an ancient lich
177799 | Zot:5    | Killed an ancient lich
178255 | Zot:5    | Noticed an ancient lich
178266 | Zot:5    | Killed an ancient lich
179231 | Zot:5    | Noticed an orb of fire
179238 | Zot:5    | Killed an orb of fire
179459 | Zot:5    | Noticed an ancient lich
179472 | Zot:5    | Killed an ancient lich
181479 | Hell     | Entered the Vestibule of Hell
181479 | Hell     | Noticed Geryon
181479 | Hell     | Noticed Murray
181506 | Depths:5 | Killed Murray
182299 | Hell     | Killed Geryon
183553 | Hell     | Found a gateway to the Iron City of Dis.
183694 | Hell     | Found a gateway to the ashen valley of Gehenna.
183785 | Hell     | Found a gateway to the decaying netherworld of Tartarus.
184244 | Hell     | Found a gateway to the freezing wastes of Cocytus.
184717 | Depths:4 | Voluntarily entered the Abyss.
185410 | Depths:4 | Escaped the Abyss
185412 | Depths:4 | Voluntarily entered the Abyss.
185510 | Depths:4 | Escaped the Abyss
185515 | Depths:4 | Voluntarily entered the Abyss.
185515 | Abyss:1  | Found a corrupted altar of Lugonu.
185704 | Depths:4 | Escaped the Abyss
185725 | Depths:4 | Voluntarily entered the Abyss.
185858 | Abyss:1  | Gained mutation: Your magical capacity is low. (-10% MP) [a
                  | neqoxec]
186024 | Depths:4 | Escaped the Abyss
186072 | Pan      | Entered Pandemonium
186500 | Pan      | Noticed Behobeid the pandemonium lord
186524 | Pan      | Killed Behobeid the pandemonium lord
186764 | Pan      | Got a demonic rune of Zot
186929 | Pan      | Found an exit through the horrors of the Abyss.
186938 | Pan      | Took an exit into the Abyss.
186938 | Abyss:1  | Escaped into the Abyss
186975 | Abyss:1  | Found a hide-covered altar of Uskayaw.
187008 | Depths:3 | Escaped the Abyss
187029 | Depths:3 | Bought a ration for 55 gold pieces
187029 | Depths:3 | Bought a ration for 55 gold pieces
187029 | Depths:3 | Bought a ration for 55 gold pieces
187029 | Depths:3 | Bought a ration for 55 gold pieces
187029 | Depths:3 | Bought a ration for 55 gold pieces
187029 | Depths:3 | Bought a ration for 55 gold pieces
187029 | Depths:3 | Bought a ration for 55 gold pieces
187029 | Depths:3 | Bought a ration for 55 gold pieces
187029 | Depths:3 | Bought a ration for 55 gold pieces
187029 | Depths:3 | Bought a ration for 55 gold pieces
187029 | Depths:3 | Bought a ration for 55 gold pieces
187085 | Pan      | Entered Pandemonium
188093 | Pan      | Gained mutation: You are weak. (Str -2) [a cacodemon]
188095 | Pan      | Gained mutation: Armour fits poorly on your strangely
                  | shaped body. [mutagenic glow]
188244 | Pan      | Lost mutation: Your magical capacity is low. (-10% MP)
                  | [potion of mutation]
188244 | Pan      | Lost mutation: Armour fits poorly on your strangely shaped
                  | body. [potion of mutation]
188244 | Pan      | Lost mutation: You are somewhat resistant to further
                  | mutation. [potion of mutation]
188244 | Pan      | Lost mutation: You are weak. (Str -2) [potion of mutation]
188244 | Pan      | Gained mutation: You are weak. (Str -2) [potion of
                  | mutation]
188244 | Pan      | Gained mutation: You expend magic power (3 MP) to
                  | strengthen your wands. [potion of mutation]
188244 | Pan      | Lost mutation: You are weak. (Str -2) [potion of mutation]
188534 | Pan      | Noticed Zynovuat the pandemonium lord
188547 | Pan      | Killed Zynovuat the pandemonium lord
189020 | Pan      | Identified the Grimoire of the Flying Volcanoes
189040 | Pan      | Noticed Roheut the pandemonium lord
189081 | Pan      | Killed Roheut the pandemonium lord
189228 | Depths:3 | Escaped Pandemonium
189477 | Zot:5    | Got the Orb of Zot
189503 | Zot:5    | Noticed Zuismus the pandemonium lord
189660 | Depths:5 | Noticed Seth the pandemonium lord
189676 | Depths:5 | Gained mutation: Armour fits poorly on your strangely
                  | shaped body. [a cacodemon]
189833 | D:14     | Noticed Owoawe the pandemonium lord
189849 | D:14     | Killed Owoawe the pandemonium lord
190125 | D:8      | Noticed Wefax the pandemonium lord
190125 | D:8      | Noticed an ancient lich
190275 | D:8      | Killed Daumilig the pandemonium lord
190348 | D:4      | Noticed Equnihoe the pandemonium lord
190468 | D:$      | Escaped with the Orb!

Skill      XL: |  1  2  3  4  5  6  7  8  9 10 11 12 13 14 15 16 17 18 19 20 21 22 23 24 25 26 27 |
---------------+----------------------------------------------------------------------------------+-----
Fighting       | 1 2 3 4 5 6 8 9 10 12 13 14 15 16 18 22 | 22.3
Ice Magic      | 3 4 5 6 8 9 10 11 12 | 12.3
Summonings     | 1 2 4 5 7 8 9 10 11 12 13 15 18 | 18.0
Maces & Flails | 1 2 3 5 |  5.0
Armour         | 1 2 3 5 7 8 9 10 11 12 | 12.0
Conjurations   | 4 5 7 8 9 10 12 13 14 15 16 17 19 20 | 20.0
Translocations | 3 5 |  5.2
Spellcasting   | 4 5 6 7 8 9 10 11 12 | 12.0
Dodging        | 4 5 6 7 8 9 10 14 | 14.0
Fire Magic     | 2 5 6 |  6.4
Polearms       | 4 5 6 7 9 10 11 12 13 14 | 14.0
Evocations     | 1 4 |  4.0
Air Magic      | 4 7 8 9 10 11 12 | 12.3
Stealth        | 2 3 5 |  5.1
Shields        | 4 5 9 11 14 15 16 22 | 22.9
Hexes          | 3 |  3.0
Poison Magic   | 2 |  2.0
Necromancy     | 5 |  5.0
Charms         | 3 |  3.0
Transmutations | 5 |  5.0
Earth Magic    | 5 |  5.2

Action                   |  1- 3 |  4- 6 |  7- 9 | 10-12 | 13-15 | 16-18 | 19-21 | 22-24 | 25-27 || total
-------------------------+-------+-------+-------+-------+-------+-------+-------+-------+-------++-------
Melee: Short sword       |    36 |     8 |       |       |       |       |       |       |       ||    44
       Morningstar       |       |    50 |   263 |    67 |       |       |       |       |       ||   380
       Headbutt          |       |    11 |    49 |    72 |   250 |   233 |   381 |   702 |  1091 ||  2789
       Blowgun           |       |     1 |       |       |       |       |       |       |       ||     1
       Demon trident     |       |       |       |   323 |  1309 |  1244 |  1838 |  2381 |  3907 || 11002
       Staff             |       |       |       |       |       |       |       |       |    95 ||    95
       Flail             |       |       |       |       |       |       |       |       |    29 ||    29
       Unarmed           |       |       |       |       |       |       |       |       |    19 ||    19
 Fire: Blowgun           |       |   116 |   111 |     6 |     3 |       |       |       |       ||   236
       Longbow           |       |       |    54 |   406 |   564 |    74 |       |       |       ||  1098
       Shortbow          |       |       |       |       |    55 |     1 |       |       |       ||    56
       Hand crossbow     |       |       |       |       |       |       |    21 |   163 |   160 ||   344
Throw: Stone             |    64 |    30 |     2 |       |       |       |       |       |       ||    96
       Javelin           |       |     7 |    37 |     6 |    35 |    89 |    93 |    25 |   106 ||   398
       Throwing net      |       |       |       |       |       |       |     4 |     1 |     4 ||     9
 Cast: Freeze            |    50 |    58 |    86 |   160 |    20 |     5 |       |       |       ||   379
       Blink             |       |       |       |    12 |    20 |    13 |     4 |    11 |    40 ||   100
       Conjure Flame     |       |       |       |    15 |   106 |     6 |   153 |    91 |     9 ||   380
       Summon Ice Beast  |       |       |       |       |   185 |    65 |    11 |       |       ||   261
       Summon Lightning  |       |       |       |       |   121 |   172 |   162 |   116 |   124 ||   695
       Throw Icicle      |       |       |       |       |     3 |    25 |    87 |   131 |   215 ||   461
       Poisonous Vapours |       |       |       |       |     2 |   174 |   475 |   131 |    30 ||   812
       Freezing Cloud    |       |       |       |       |     2 |     7 |     1 |    15 |   245 ||   270
       Inner Flame       |       |       |       |       |       |     6 |       |       |       ||     6
       Lightning Bolt    |       |       |       |       |       |       |    71 |    95 |    87 ||   253
       Passwall          |       |       |       |       |       |       |       |    13 |    36 ||    49
       Apportation       |       |       |       |       |       |       |       |       |    83 ||    83
       Regeneration      |       |       |       |       |       |       |       |       |    20 ||    20
       Orb of Destructio |       |       |       |       |       |       |       |       |    42 ||    42
       Spellforged Servi |       |       |       |       |       |       |       |       |    40 ||    40
       Irradiate         |       |       |       |       |       |       |       |       |     3 ||     3
Invok: Potion Petition   |       |       |       |     1 |     6 |     7 |       |     5 |    21 ||    40
       Call Merchant     |       |       |       |       |     2 |     2 |     2 |     1 |     3 ||    10
       Bribe Branch      |       |       |       |       |       |       |       |     1 |       ||     1
 Abil: Evoke Ratskin     |       |       |    19 |    50 |    26 |     9 |       |       |       ||   104
       Evoke Flight      |       |       |       |       |       |       |     1 |       |     4 ||     5
       Evoke Invisibilit |       |       |       |       |       |       |       |       |    10 ||    10
Evoke: Wand              |       |       |       |    16 |    37 |    12 |     4 |     8 |    45 ||   122
       Fan of gales      |       |       |       |     1 |     3 |       |     1 |       |     2 ||     7
       Lightning rod     |       |       |       |       |       |     3 |     8 |     4 |       ||    15
       Box of beasts     |       |       |       |       |       |     2 |       |       |       ||     2
       Staff of energy   |       |       |       |       |       |       |       |       |     2 ||     2
       Lamp of fire      |       |       |       |       |       |       |       |       |     1 ||     1
  Use: Scroll            |       |     2 |     6 |     6 |    24 |    20 |    14 |    21 |    41 ||   134
       Potion            |       |       |       |     2 |    18 |    17 |     7 |    11 |    21 ||    76
 Stab: Sleeping          |       |     1 |     4 |     4 |     4 |     4 |     2 |     5 |     6 ||    30
       Distracted        |       |       |     1 |     4 |    29 |    40 |    44 |    49 |    97 ||   264
       Paralysed         |       |       |       |       |     2 |       |       |       |       ||     2
       Invisible         |       |       |       |       |       |    12 |       |     4 |    24 ||    40
       Held in net/web   |       |       |       |       |       |     2 |     2 |       |       ||     4
  Eat: Chunk             |     7 |    14 |    11 |       |       |       |       |       |       ||    32
       Ration            |       |       |     8 |    20 |    50 |    32 |    36 |    31 |    46 ||   223
Armor: Robe              |    18 |    12 |       |       |       |       |       |       |       ||    30
       Ring mail         |       |    23 |   219 |   299 |   701 |   688 |       |       |       ||  1930
       Scale mail        |       |       |       |       |       |    87 |   528 |   596 |   989 ||  2200
       Fire dragon scale |       |       |       |       |       |       |       |    13 |     4 ||    17
       Skin              |       |       |       |       |       |       |       |       |    51 ||    51
Dodge: Dodged            |    52 |    65 |   222 |   398 |  1114 |  1162 |   573 |   844 |  1612 ||  6042
       Deflected         |       |       |       |       |       |       |     2 |    15 |     2 ||    19
Block: Buckler           |       |       |       |       |       |    38 |   497 |    54 |       ||   589
       Other             |       |       |       |       |       |    46 |       |       |       ||    46
       Reflection        |       |       |       |       |       |     4 |    75 |       |    19 ||    98
       Shield            |       |       |       |       |       |       |       |  1138 |  2163 ||  3301
       Large shield      |       |       |       |       |       |       |       |       |   423 ||   423
